 Dungeon Crawl Stone Soup version 0.20.1-1-g8b1a95d (webtiles) character file.

30 Lanoc the Grasshopper (level 3, 0/18 HPs)
             Began as a Spriggan Warper on Nov 26, 2017.
             Slain by a kobold
             ... wielding a +0 short sword
              (1 damage)
             ... on level 2 of the Dungeon.
             The game lasted 00:04:14 (1023 turns).

Lanoc the Grasshopper (Spriggan Warper)             Turns: 1023, Time: 00:04:14

Health: 0/18       AC:  2    Str:  8    XL:     3   Next: 5%
Magic:  8/8        EV: 19    Int: 14    God:
Gold:   83         SH:  0    Dex: 15    Spells: 6/8 levels left

rFire    . . .     SeeInvis +   l - +0 dagger (speed)
rCold    . . .     Gourm    .   (shield restricted)
rNeg     . . .     Faith    .   b - +0 robe
rPois    .         Spirit   .   (helmet restricted)
rElec    .         Reflect  .   (no cloak)
rCorr    .         Harm     .   (gloves unavailable)
MR       .....                  (boots unavailable)
Stlth    +.........             (no amulet)
Regen    0.1/turn               (no ring)
MPRegen  0.2/turn               (no ring)

@: very quick
A: unfitting armour, see invisible, herbivore 3, speed 3, slow metabolism 2
a: no special abilities


You were on level 2 of the Dungeon.
You were not hungry.

You visited 1 branch of the dungeon, and saw 2 of its levels.

You collected 83 gold pieces.

Inventory:

Hand Weapons
 l - a +0 dagger of speed (weapon)
Missiles
 e - 5 tomahawks of dispersal (quivered)
 m - 12 arrows
Armour
 b - a +0 robe (worn)
Scrolls
 d - a scroll of blinking
 g - 2 scrolls of identify {unknown}
 h - 2 scrolls of amnesia {unknown}
 k - a scroll of remove curse {unknown}
Potions
 a - a potion of might {unknown}
 i - a potion of lignification {unknown}
 j - a potion of brilliance {unknown}
Books
 c - a book of Spatial Translocations

   Spells                             Type                      Level
   a - Blink                          Translocation                2
   b - Shroud of Golubria             Charms/Translocation         2
   c - Lesser Beckoning               Translocation                3
   d - Gell's Gravitas                Translocation                3
   e - Teleport Other                 Translocation                3
   f - Passage of Golubria            Translocation                4
Comestibles
 f - 2 bread rations


   Skills:
 + Level 1.8 Fighting
 + Level 2.6 Short Blades
 + Level 1.0 Throwing
 + Level 4.0 Dodging
 + Level 3.2 Spellcasting
 + Level 4.6 Translocations


You had 6 spell levels left.
You knew the following spells:

 Your Spells              Type           Power        Failure   Level  Hunger
a - Blink                 Tloc           N/A          4%          2    ##.....


Dungeon Overview and Level Annotations

Branches:
Dungeon (2/15)

Altars:


Innate Abilities, Weirdness & Mutations

You are very small and have problems with some larger weapons.
You are too small for most types of armour.
You have supernaturally acute eyesight. (SInv)
You are a herbivore.
You cover ground extremely quickly.
You need consume almost no food.


Message History

You hit the kobold but do no damage.
The kobold is moderately wounded.
You hit the kobold but do no damage.
The kobold is moderately wounded.
The kobold closely misses you.
You closely miss the kobold.
The kobold is moderately wounded.
The kobold misses you.
You hit the kobold but do no damage.
The kobold is moderately wounded.
You hit the kobold but do no damage.
The kobold is moderately wounded.
The kobold hits you with a short sword.
* * * LOW HITPOINT WARNING * * *
You hit the kobold but do no damage.
The kobold is moderately wounded.
You closely miss the kobold.
The kobold is moderately wounded.
The kobold hits you with a short sword.
You die...

#####.#.####.#
#.#
#..........#.#
#.#
###.###(#.##.#.#
#.#
..........##.#.#
#.#
.##.#..........#
#.# #....###.###
#.# #.#.##
#.#######.#
#.#.#
#.........#
#@#.#
###########
#....K.#.#
########.# #.#
.#


You could see a kobold.

Vanquished Creatures
  2 ball pythons (D:1)
  A giant cockroach (D:2)
  3 goblins (D:1)
  3 hobgoblins
  2 jackals (D:2)
  3 kobolds
  8 bats
  A frilled lizard (D:1)
  4 rats
27 creatures vanquished.

Notes
Turn   | Place    | Note
-------+----------+-------------------------------------------
     0 | D:1      | Lanoc the Spriggan Warper began the quest for the Orb.
     0 | D:1      | Reached XP level 1. HP: 10/10 MP: 5/5
   119 | D:1      | Reached XP level 2. HP: 7/15 MP: 6/6
   124 | D:1      | Learned a level 2 spell: Blink
   845 | D:2      | Reached XP level 3. HP: 5/18 MP: 8/8
  1023 | D:2      | Slain by a kobold

Skill      XL: |  1  2 |
---------------+-------+-----
Spellcasting   | 3 |  3.2
Dodging        | 4 |  4.0
Fighting       | |  1.8
Short Blades   | |  2.6
Throwing       | |  1.0
Translocations | |  4.6

Action                   || total
-------------------------++-------
Melee: Short sword       ||    81
       Dagger            ||    70
 Cast: Blink             ||     3
 Stab: Sleeping          ||     3
Armor: Robe              ||    15
Dodge: Dodged            ||   136
